 Dungeon Crawl Stone Soup version 0.19.0-2-gae57169 (webtiles) character file.

345 Patchouli the Magician (level 6, -4/38 HPs)
             Began as a Deep Elf Ice Elementalist on Nov 7, 2016.
             Was an Initiate of Sif Muna.
             Killed from afar by a131a's ghost (30 damage)
             ... with a bolt of negative energy
             ... on level 8 of the Dungeon.
             The game lasted 00:16:35 (2618 turns).

Patchouli the Magician (Deep Elf Ice Elementalist)  Turns: 2618, Time: 00:16:36

Health: -4/38      AC:  4    Str:  4 (5)  XL:     6   Next: 32%
Magic:  10/15      EV: 13    Int: 20      God:    Sif Muna [......]
Gold:   210        SH:  0    Dex: 16 (17) Spells: 6 memorised, 1 level left

rFire  . . .     SeeInvis .     p - +4 long sword (slice)
rCold  + . .     Gourm    .     a - +0 robe
rNeg   . . .     Faith    .     (no shield)
rPois  +         Spirit   .     d - +1 helmet
rElec  .         Reflect  .     (no cloak)
rCorr  .         Harm     .     (no gloves)
MR     .....                    (no boots)
Stlth  ++........               (no amulet)
                                (no ring)
                                e - ring of poison resistance

@: drained
A: talons 1, agile 1, blurry vision 1, cold resistance 1, dopey 1, robust 1
a: Renounce Religion


You were on level 8 of the Dungeon.
You worshipped Sif Muna.
Sif Muna was noncommittal.
You were not hungry.

You visited 2 branches of the dungeon, and saw 9 of its levels.

You collected 210 gold pieces.

Inventory:

Hand Weapons
 f - a +1 spear
 p - a +4 long sword of slicing (weapon)
Armour
 a - a +0 robe (worn)
 d - a +1 helmet (worn)
 m - a +0 robe
Jewellery
 e - a ring of poison resistance (left hand)
 l - an uncursed ring of positive energy {unknown}
 w - a +1 ring of evasion {unknown}
Wands
 g - a wand of flame (17/48)
 n - a wand of lightning (0/15)
Scrolls
 h - 5 scrolls of identify
 i - a scroll of immolation {unknown}
 r - a scroll of amnesia {unknown}
 s - a scroll of magic mapping
 y - a scroll of random uselessness {unknown}
 A - a scroll of silence {unknown}
Potions
 j - a potion of mutation
 o - a potion of resistance
 t - a potion of beneficial mutation {unknown}
 x - a potion of curing {unknown}
 z - a potion of heal wounds {unknown}
Books
 b - a book of Frost

   Spells                             Type                      Level
   a - Freeze                         Ice                          1
   b - Throw Frost                    Conjuration/Ice              2
   c - Ozocubu's Armour               Charms/Ice                   3
   d - Throw Icicle                   Conjuration/Ice              4
   e - Summon Ice Beast               Ice/Summoning                4
 q - a book of Minor Magic

   Spells                             Type                      Level
   a - Magic Dart                     Conjuration                  1
   b - Blink                          Translocation                2
   c - Call Imp                       Summoning                    2
   d - Repel Missiles                 Charms/Air                   2
   e - Slow                           Hexes                        2
   f - Conjure Flame                  Conjuration/Fire             3
   g - Mephitic Cloud                 Conjuration/Poison/Air       3
 u - a book of Air

   Spells                             Type                      Level
   a - Shock                          Conjuration/Air              1
   b - Swiftness                      Charms/Air                   2
   c - Repel Missiles                 Charms/Air                   2
   d - Static Discharge               Conjuration/Air              3
   e - Lightning Bolt                 Conjuration/Air              5
Comestibles
 c - 3 bread rations
 k - 3 fruits
 v - a meat ration
 B - 3 chunks of flesh


   Skills:
 + Level 1.7(1.1) Fighting
 + Level 0.5(0.0) Armour
 + Level 3.6(3.0) Dodging
 - Level 2.4(1.8) Stealth
 * Level 4.8(4.2) Spellcasting
 - Level 1.1(0.5) Conjurations
 + Level 1.9(1.3) Charms
 * Level 2.3(1.7) Summonings
 * Level 1.0(0.5) Translocations
 * Level 4.7(4.1) Ice Magic


You had one spell level left.
You knew the following spells:

 Your Spells              Type           Power        Failure   Level  Hunger
a - Freeze                Ice            ###.         2%          1    None
b - Throw Frost           Conj/Ice       ##....       10%         2    #......
c - Summon Ice Beast      Ice/Summ       ###.....     38%         4    ####...
d - Shock                 Conj/Air       #...         14%         1    None
k - Blink                 Tloc           N/A          17%         2    #......
q - Ozocubu's Armour      Chrm/Ice       ###.....     14%         3    ###....


Dungeon Overview and Level Annotations

Branches:
Dungeon (8/15)             Temple (1/1) D:7
   Lair: D:8-11

Altars:
Ashenzari
Cheibriados
Dithmenos
Elyvilon
Gozag
Hepliaklqana
Makhleb
Nemelex Xobeh
Qazlal
Ru
Sif Muna
Trog
Uskayaw
Vehumet
Xom
Yredelemnul
Zin
The Shining One

Annotations:
D:3 AAAAA's ghost, amateur OpWr; Grinder
D:8 a131a's ghost, novice DrWz


Innate Abilities, Weirdness & Mutations

You have sharp toenails.
You are agile. (Dex +2)
Scrolls take you a little longer to read.
Your flesh is cold resistant. (rC+)
You are dopey. (Int -2)
You are robust. (+10% HP)


Message History

Okay, then.
Adjust (i)tems, (s)pells, or (a)bilities?
Adjust which spell? e - Blink Adjust to which letter? k - Blink
Casting: Freeze
Confirm with . or Enter, or press ? or * to list all spells.
You blink.
Found a bread ration.
A wyvern comes into view.
Your icy armour evaporates.
A131a's ghost gestures at you while chanting.
The zap hits you!
A131a's ghost points at you and mumbles some strange words.
The zap hits you!
A131a's ghost breathes negative energy at you.
The bolt of negative energy hits you!
You feel drained.
Ouch! That really hurt!
You die...

....#.............#
#...'<............#
#.............#
#....W..W.....#
###+#####.....#
......#.....#
..l...#.....#
......'.....#
.%#@....# #.....#
#.......# #########


You could see a wyvern (sleeping) and a131a's ghost.

Vanquished Creatures
  A centaur (D:5)
  A bullfrog (D:8)
  A centaur skeleton (D:5)
  Jessica (D:3)
  An iguana (D:7)
  A gnoll (D:5)
  4 adders
  2 oozes
  An adder zombie (D:6)
  An adder skeleton (D:6)
  A dart slug (D:3)
  A leopard gecko (D:7)
  3 orcs
  4 giant cockroaches
  4 goblins
  2 hobgoblins (D:1)
  4 jackals (D:3)
  4 quokkas
  6 bats
  3 frilled lizards
  A jackal skeleton (D:7)
  3 kobolds (D:1)
  3 rats
53 creatures vanquished.

Vanquished Creatures (collateral kills)
  A mummy (D:7)
1 creature vanquished.

Vanquished Creatures (others)
  2 plants (D:3)
2 creatures vanquished.

Grand Total: 56 creatures vanquished

Notes
Turn   | Place    | Note
-------+----------+-------------------------------------------
     0 | D:1      | Patchouli the Deep Elf Ice Elementalist began the quest for the Orb.
     0 | D:1      | Reached XP level 1. HP: 10/10 MP: 6/6
   143 | D:1      | Reached XP level 2. HP: 14/16 MP: 4/8
   147 | D:1      | Learned a level 2 spell: Throw Frost
   299 | D:2      | Reached skill level 1 in Fighting
   635 | D:4      | Reached XP level 3. HP: 20/20 MP: 7/10
   640 | D:4      | Learned a level 3 spell: Ozocubu's Armour
   763 | D:5      | Entered Level 5 of the Dungeon
   826 | D:6      | Noticed a sky beast
   877 | D:7      | Reached XP level 4. HP: 13/25 MP: 8/12
   883 | D:7      | Learned a level 4 spell: Summon Ice Beast
   942 | D:7      | Found a staircase to the Ecumenical Temple.
   950 | Temple   | Entered the Ecumenical Temple
  1028 | Temple   | Became a worshipper of Sif Muna the Loreminder
  1124 | D:7      | Found a shadowy altar of Dithmenos.
  1377 | D:3      | Noticed Grinder
  1377 | D:3      | Noticed Jessica
  1378 | D:3      | Noticed AAAAA's ghost (amateur OpWr)
  1397 | D:3      | Killed Jessica
  1412 | D:3      | Gained mutation: Scrolls take you a little longer to read. [potion of mutation]
  1412 | D:3      | Gained mutation: You are agile. (Dex +2) [potion of mutation]
  1412 | D:3      | Gained mutation: You have sharp toenails. [potion of mutation]
  1423 | D:3      | Gained mutation: You are dopey. (Int -2) [potion of mutation]
  1423 | D:3      | Gained mutation: Your flesh is cold resistant. (rC+) [potion of mutation]
  1423 | D:3      | Gained mutation: You are robust. (+10% HP) [potion of mutation]
  1735 | D:5      | Learned a level 1 spell: Shock
  1737 | D:5      | Noticed a centaur
  1745 | D:5      | Killed a centaur
  1745 | D:5      | Reached skill level 1 in Charms
  1745 | D:5      | Reached skill level 1 in Summonings
  1745 | D:5      | Reached XP level 5. HP: 12/33 MP: 3/13
  1752 | D:5      | Learned a level 2 spell: Blink
  2287 | D:6      | Noticed a centaur
  2335 | D:8      | Noticed a centaur
  2429 | D:7      | Reached XP level 6. HP: 38/38 MP: 15/15
  2478 | D:7      | Found a snail-covered altar of Cheibriados.
  2577 | D:8      | Reached skill level 1 in Translocations
  2607 | D:8      | Noticed a131a's ghost (novice DrWz)
  2615 | D:8      | Noticed a wyvern
  2618 | D:8      | Killed from afar by a131a's ghost

Skill      XL: |  1  2  3  4  5  6 |
---------------+-------------------+-----
Fighting       | 1 |  1.7
Dodging        | 3 |  3.6
Spellcasting   | 4 |  4.8
Ice Magic      | 4 |  4.7
Charms         | 1 |  1.9
Summonings     | 1 2 |  2.3
Translocations | 1 |  1.0
Armour         | |  0.5
Stealth        | |  2.4
Conjurations   | |  1.1

Action                   |  1- 3 |  4- 6 || total
-------------------------+-------+-------++-------
Melee: Spear             |    13 |    28 ||    41
       Long sword        |       |    10 ||    10
       Kick              |       |     2 ||     2
 Cast: Freeze            |    36 |    29 ||    65
       Throw Frost       |     1 |     1 ||     2
       Ozocubu's Armour  |       |     8 ||     8
       Blink             |       |     1 ||     1
       Summon Ice Beast  |       |     1 ||     1
Evoke: Wand              |       |     9 ||     9
  Use: Scroll            |       |     7 ||     7
       Potion            |       |     4 ||     4
 Stab: Sleeping          |     3 |     3 ||     6
  Eat: Chunk             |       |     5 ||     5
       Fruit             |       |     1 ||     1
Armor: Robe              |     3 |    41 ||    44
Dodge: Dodged            |    13 |    88 ||   101
       Rpst.: Long sword |       |     2 ||     2
